 Dungeon Crawl Stone Soup version 0.17.1-1-g73c8601 (webtiles) character file.

298 Flanowski the Sneak (level 6, -2/30 HPs)
             Began as a Vine Stalker Assassin on Jan 9, 2016.
             Slain by a scorpion (4 damage)
             ... on level 4 of the Dungeon.
             The game lasted 00:05:53 (2724 turns).

Flanowski the Sneak (Vine Stalker Assassin)         Turns: 2724, Time: 00:05:53

Health: -2/30      AC:  3    Str: 13    XL:     6   Next: 35%
Magic:  0/7        EV: 13    Int: 11    God:
Gold:   182        SH:  0    Dex: 18    Spells: 0 memorised, 5 levels left

rFire  . . .     SeeInvis +     a - +2 dagger
rCold  . . .     Clarity  .     c - +0 robe
rNeg   . . .     SustAt   .     (no shield)
rPois  .         Gourm    .     (no helmet)
rElec  .         Spirit   +     d - +0 cloak
rCorr  .         Warding  .     (no gloves)
rMut   .         Stasis   .     (no boots)
MR     .....                    (no amulet)
Stlth  ++++......               (no ring)
                                o - ring of see invisible

@: lethally poisoned (-2 -> -3), not resistant to hostile enchantments, stealthy
A: fangs 2, regeneration 2, magic shield, antimagic bite, no device heal 3, rot
immunity
a: no special abilities


You were on level 4 of the Dungeon.
You were hungry.

You visited 1 branch of the dungeon, and saw 5 of its levels.

You collected 182 gold pieces.

Inventory:

Hand Weapons
 a - a +2 dagger (weapon)
 b - a +0 blowgun
Missiles
 e - 5 poisoned needles
 f - 2 curare-tipped needles
 k - 5 needles of sleeping
Armour
 c - a +0 robe (worn)
 d - a +0 cloak (worn)
Jewellery
 o - a ring of see invisible (left hand)
Scrolls
 j - 5 scrolls of identify {unknown}
 l - 3 scrolls of amnesia {unknown}
 m - 2 scrolls of noise {unknown}
 p - 5 scrolls of enchant armour {unknown}
 s - a scroll of fog {unknown}
 t - a scroll of teleportation {unknown}
 w - a scroll of remove curse {unknown}
 x - a scroll of fear {unknown}
Potions
 h - a potion of might {unknown}
 i - 3 potions of haste {unknown}
 n - 2 potions of mutation {unknown}
 q - 2 potions of lignification {unknown}
 r - 2 potions of curing {unknown}
 u - a potion of heal wounds {unknown}
Comestibles
 g - 2 bread rations
 v - 2 beef jerkies


   Skills:
 + Level 2.1 Fighting
 + Level 2.5 Short Blades
 + Level 2.0 Throwing
 * Level 2.9 Dodging
 * Level 7.3 Stealth


You had 5 spell levels left.
You didn't know any spells.

Dungeon Overview and Level Annotations

Branches:
Dungeon (5/15)
 Temple: D:4-7

Altars:
Xom


Innate Abilities, Weirdness & Mutations

You have extremely sharp teeth.
You heal very quickly.
When hurt, damage is shared between your health and your magic reserves.
Your bite disrupts and absorbs the magic of your enemies.
Potions and wands cannot restore your health.
You are immune to rotting.


Message History

The poisoned needle closely misses the scorpion.
* * * LOW HITPOINT WARNING * * *
You feel sick. The scorpion completely misses you.
Unknown command.
Really attack while wielding your +0 blowgun? [Y]es or [N]o only, please.
Really attack while wielding your +0 blowgun? [Y]es or [N]o only, please.
Really attack while wielding your +0 blowgun? [Y]es or [N]o only, please.
Really attack while wielding your +0 blowgun?
Okay, then.
Wield which item (- for none, * to show all)? (? for menu, Esc to quit)
a - a +2 dagger (weapon)
You hit the scorpion. You bite the scorpion. You drain its power.
You feel invigorated.
The scorpion is moderately wounded.
* * * LOW HITPOINT WARNING * * *
You feel sick. The scorpion stings you!
You die...

#.........#
#.........#
##.........#
#.........##
###........##
#.........###
...#....(...#####
####..###.......#####
# ####
#..###..@s.(#####
#..# ######.....#
#..# #####.# ##.# #.#
#.# #.## ###### #..#
.....# ##.#


You could see a scorpion.

Vanquished Creatures
  A scorpion (D:4)
  An orc priest (D:3)
  2 hounds
  2 adders (D:2)
  7 gnolls
  An ooze (D:1)
  2 giant geckos (D:1)
  5 orcs (D:3)
  5 bats
  4 giant cockroaches
  5 goblins
  7 hobgoblins
  A quokka (D:4)
  7 giant newts
  4 jackals (D:3)
  A jackal skeleton (D:4)
  6 kobolds
  14 rats
75 creatures vanquished.

Notes
Turn   | Place    | Note
--------------------------------------------------------------
     0 | D:1      | Flanowski the Vine Stalker Assassin began the quest for the Orb.
     0 | D:1      | Reached XP level 1. HP: 11/11 MP: 2/2
    58 | D:1      | Reached skill level 5 in Stealth
   150 | D:1      | Reached XP level 2. HP: 15/15 MP: 3/3
   436 | D:1      | Reached XP level 3. HP: 18/18 MP: 4/4
   674 | D:2      | Reached skill level 6 in Stealth
   709 | D:2      | Reached skill level 1 in Dodging
   842 | D:2      | Reached XP level 4. HP: 21/23 MP: 5/5
  1477 | D:3      | Reached XP level 5. HP: 11/26 MP: 3/6
  1894 | D:4      | Reached skill level 7 in Stealth
  1949 | D:4      | Gained mutation: You heal very quickly. [Vine Stalker growth]
  1949 | D:4      | Reached XP level 6. HP: 28/30 MP: 7/7
  2079 | D:5      | Entered Level 5 of the Dungeon
  2471 | D:4      | Found a shimmering altar of Xom.
  2724 | D:4      | Slain by a scorpion

Action                   |  1- 3 |  4- 6 || total
-------------------------+-------+-------++-------
Melee: Dagger            |    80 |   128 ||   208
 Fire: Blowgun           |       |     9 ||     9
 Stab: Sleeping          |    12 |    10 ||    22
       Distracted        |       |     1 ||     1
  Eat: Chunk             |       |     5 ||     5
